 Dungeon Crawl Stone Soup version 0.31.0-12-g77e489cdc1 (webtiles) character file.

Game seed: 2843105820536347020

1908648 monsoonserge the Ninja (level 27, 123/135 HPs)
             Began as a Spriggan Delver on Feb 23, 2024.
             Was a Follower of Uskayaw.
             Escaped with the Orb
             ... and 4 runes on Feb 24, 2024!
             The game lasted 08:56:20 (99734 turns).

monsoonserge the Ninja (Spriggan Delver)           Turns: 99734, Time: 08:56:20

Health: 123/135    AC:  8    Str: 11      XL:     27
Magic:  42/44      EV: 50    Int: 16 (18) God:    Uskayaw [*.....]
Gold:   7916       SH: 18    Dex: 26      Spells: 14/48 levels left

rFire   + + .        H - +9 quick blade (holy)
rCold   + + .        Z - +2 buckler {rPois}
rNeg    + . .        a - +2 robe {rC+ rF+}
rPois   +            l - +3 crown of Dyrovepreva {rElec Int+2 SInv}
rElec   +            M - scarf {repulsion}
rCorr   +            (gloves unavailable)
SInv    +            (boots unavailable)
Will    ++++.        O - amulet of reflection
Stlth   ++++         B - ring "Isevesiu" {rF+ rN+ MP+9 Str+3}
HPRegen 0.42/turn    k - ring of resist corrosion
MPRegen 0.29/turn

%: repel missiles, reflection
@: studying 4 skills, very quick
A: very small, no large weapons, unfitting armour, see invisible, speed 3,
antennae 2, fangs 1, hooves 1, iridescent scales 1, cold resistance 1, deformed
body, deterioration 1, frail 1, low MP 1
0: Orb of Zot
}: 4/15 runes: serpentine, barnacled, slimy, silver
a: Renounce Religion, Stomp


You escaped.
You worshipped Uskayaw.
Uskayaw was pleased with you.
You visited 12 branches of the dungeon, and saw 56 of its levels.
You visited 1 bazaar.
You also visited: Trove, Gauntlet and Ice Cave.

You collected 8224 gold pieces.
You spent 308 gold pieces at shops.

Inventory:

Hand Weapons
 H - a +9 quick blade of holy wrath (weapon)
Missiles
 b - 9 atropa-tipped darts
 s - 9 datura-tipped darts
 t - 6 darts of dispersal
 w - 49 boomerangs (quivered)
 K - 9 curare-tipped darts
 P - 11 throwing nets
Armour
 a - a +2 robe of resistance (worn)
 l - the +3 crown of Dyrovepreva (worn) {rElec Int+2 SInv}
   (You acquired it on level 1 of the Vaults)

   Int+2:     It affects your intelligence (+2).
   rElec:     It insulates you from electricity.
   SInv:      It lets you see invisible.
 G - a +2 buckler of reflection
 M - a scarf of repulsion (worn)
 Z - a +2 buckler of poison resistance (worn)
Jewellery
 k - a ring of resist corrosion (right hand)
 u - a +6 ring of dexterity
 B - the ring "Isevesiu" (left hand) {rF+ rN+ MP+9 Str+3}
   (You found it on level 5 of the Pits of Slime)

   [ring of protection from fire]

   Str+3:     It affects your strength (+3).
   rF+:       It protects you from fire.
   rN+:       It protects you from negative energy.
   MP+9:      It affects your magic capacity (+9).
 O - an amulet of reflection (around neck)
 T - a ring of poison resistance
Wands
 g - a wand of digging (40)
 h - a wand of quicksilver (21)
 I - a wand of paralysis (41)
 J - a wand of iceblast (41)
 L - a wand of polymorph (15)
Scrolls
 c - 9 scrolls of fog
 d - 8 scrolls of revelation
 e - 9 scrolls of fear
 i - 15 scrolls of teleportation
 m - 2 scrolls of silence
 v - 6 scrolls of torment
 x - a scroll of acquirement
 y - 11 scrolls of poison
 F - 8 scrolls of blinking
 Q - 3 scrolls of enchant armour
 S - a scroll of summoning
 U - 15 scrolls of immolation
Potions
 f - 12 potions of haste
 j - 23 potions of curing
 o - 10 potions of lignification
 p - 3 potions of invisibility
 q - 11 potions of might
 r - 7 potions of heal wounds
 A - 2 potions of resistance
 C - 10 potions of enlightenment
 D - 3 potions of berserk rage
 E - 7 potions of cancellation
 N - 9 potions of brilliance
 R - 6 potions of mutation
 W - 4 potions of magic
Miscellaneous
 n - a phial of floods
 z - a lightning rod (4/4)
 V - a phantom mirror
 X - a sack of spiders
 Y - a tin of tremorstones (2/2)


   Skills:
 + Level 17.9 Fighting
 + Level 15.0 Short Blades
 + Level 8.2 Throwing
 + Level 5.8 Armour
 + Level 26.8 Dodging
 O Level 27 Stealth
 + Level 19.2 Shields
 - Level 11.0 Spellcasting
 - Level 4.0 Conjurations
 - Level 12.0 Hexes
 - Level 9.0 Translocations
 + Level 4.0 Fire Magic
 + Level 7.0 Air Magic
 - Level 11.0 Alchemy
 * Level 15.3 Invocations
 + Level 15.1 Evocations
 - Level 4.0 Shapeshifting


You had 14 spell levels left.
You knew the following spells:

 Your Spells              Type           Power      Damage    Failure   Level
a - Mephitic Cloud        Conj/Alch/Air  32%        N/A       1%          3
b - Blink                 Tloc           74%        N/A       1%          2
c - Lesser Beckoning      Tloc           74%        N/A       1%          2
d - Vhi's Electric Charg  Tloc/Air       68%        N/A       3%          4
e - Yara's Violent Unrav  Hex/Alch       22%        3d10      2%          5
f - Cause Fear            Hex            23%        N/A       1%          4
g - Silence               Hex/Air        19%        N/A       4%          5
h - Apportation           Tloc           74%        N/A       1%          1
i - Olgreb's Toxic Radia  Alch           44%        N/A       1%          4
j - Ignite Poison         Fire/Alch      32%        N/A       4%          4

Your spell library contained the following spells:

 Spells                   Type           Power      Damage    Failure   Level
 Foxfire                  Conj/Fire      84%        2x1d8     1%          1
 Magic Dart               Conj           84%        1d7       1%          1
 Shock                    Conj/Air       100%       1d9       1%          1
 Slow                     Hex            100%       N/A       1%          1
 Sting                    Conj/Alch      100%       1d9       1%          1
 Cigotuvi's Dreadful Rot  Necr/Alch/Air  56%        N/A       1%          2
 Ensorcelled Hibernation  Hex/Ice        56%        N/A       1%          2
 Jinxbite                 Hex            94%        N/A       1%          2
 Mercury Vapours          Alch/Air       74%        N/A       1%          2
 Momentum Strike          Conj/Tloc      58%        3d9       1%          2
 Confusing Touch          Hex            47%        N/A       1%          3
 Dazzling Flash           Conj/Hex       68%        N/A       1%          3
 Gell's Gravitas          Tloc           37%        N/A       1%          3
 Inner Flame              Hex/Fire       34%        N/A       1%          3
 Sigil of Binding         Hex            47%        N/A       1%          3
 Swiftness                Air            31%        N/A       1%          3
 Teleport Other           Tloc           37%        N/A       1%          3
 Volatile Blastmotes      Fire/Tloc      58%        2d14      1%          3
 Dimensional Bullseye     Hex/Tloc       21%        N/A       1%          4
 Scorch                   Fire           42%        2d6       2%          2
 Manifold Assault         Tloc           37%        N/A       2%          4
 Alistair's Intoxication  Alch           29%        N/A       2%          5
 Fulminant Prism          Conj/Alch      16%        3d11      4%          4
 Sticky Flame             Fire/Alch      32%        2d7       4%          4
 Iskenderun's Mystic Bla  Conj/Tloc      29%        2d7       6%          4
 Freeze                   Ice            32%        1d5       9%          1
 Sandblast                Erth           16%        2d6       9%          1
 Leda's Liquefaction      Alch/Erth      13%        N/A       10%         4
 Petrify                  Alch/Erth      26%        N/A       10%         4
 Hailstorm                Conj/Ice       15%        3d6       12%         3
 Stone Arrow              Conj/Erth      30%        3d8       12%         3
 Irradiate                Conj/Alch      16%        3d17      12%         5
 Call Imp                 Summ           16%        N/A       14%         2
 Eringya's Noxious Bog    Alch           22%        4d6       16%         6
 Flame Wave               Conj/Fire      21%        2d8       17%         4
 Metabolic Englaciation   Hex/Ice        14%        N/A       22%         5
 Summon Mana Viper        Hex/Summ       28%        N/A       22%         5
 Frozen Ramparts          Ice            16%        1d3       26%         3
 Ozocubu's Armour         Ice            8%         N/A       26%         3
 Passwall                 Erth           8%         N/A       26%         3
 Summon Ice Beast         Ice/Summ       8%         N/A       26%         3
 Vampiric Draining        Necr           8%         2d6       26%         3
 Arcjolt                  Conj/Air       13%        1d23      26%         5
 Dispersal                Tloc           18%        N/A       34%         6
 Brom's Barrelling Bould  Conj/Erth      15%        2d4       36%         4
 Summon Forest            Summ/Tloc      11%        N/A       36%         5
 Fireball                 Conj/Fire      10%        3d6       43%         5
 Freezing Cloud           Conj/Ice/Air   10%        6-21      50%         5
 Enfeeble                 Hex            23%        N/A       50%         7
 Animate Dead             Necr           8%         N/A       65%         4
 Dispel Undead            Necr           8%         3d8       65%         4
 Martyr's Knell           Necr/Summ      8%         N/A       65%         4
 Sculpt Simulacrum        Ice/Alch       13%        N/A       82%         6
 Curse of Agony           Necr           8%         N/A       94%         5
 Lee's Rapid Deconstruct  Erth           4%         3d5*      94%         5
 Bombard                  Conj/Erth      7%         9d2       99%         6
 Discord                  Hex            23%        N/A       99%         8
 Death Channel            Necr           4%         N/A       100%        6
 Summon Cactus Giant      Summ           4%         N/A       100%        6
 Haunt                    Necr/Summ      4%         N/A       100%        7
 Malign Gateway           Summ/Tloc      11%        N/A       100%        7
 Monstrous Menagerie      Summ           4%         N/A       100%        7
 Ozocubu's Refrigeration  Ice            4%         4d8       100%        7
 Summon Hydra             Summ           4%         N/A       100%        7
 Disjunction              Tloc           18%        N/A       100%        8
 Ignition                 Fire           10%        3d5       100%        8
 Infestation              Necr           4%         N/A       100%        8
 Maxwell's Capacitive Co  Air            15%        ∞         100%        8
 Summon Horrible Things   Summ           4%         N/A       100%        8
 Chain Lightning          Conj/Air       13%        3d17      100%        9
 Dragon's Call            Summ           4%         N/A       100%        9
 Fire Storm               Conj/Fire      10%        8d3       100%        9
 Polar Vortex             Ice            4%         N/A       100%        9
 Shatter                  Erth           4%         3d7*      100%        9


Dungeon Overview and Level Annotations

Branches:
Dungeon (15/15)            Temple (1/1) D:6            Lair (5/5) D:8
 Shoals (4/4) Lair:3        Snake (4/4) Lair:3        Slime (5/5) Lair:4
    Orc (2/2) D:10            Elf (3/3) Orc:2        Vaults (5/5) D:13
  Crypt (3/3) Vaults:2       Tomb (0/3) Crypt:3      Depths (4/4) D:15
    Zot (5/5) Depths:4      IceCv (visited)         Gauntlet (visited)

Altars:
Ashenzari
Cheibriados
Dithmenos
Elyvilon
Fedhas
Gozag
Hepliaklqana
Kikubaaqudgha
Makhleb
Nemelex Xobeh
Okawaru
Qazlal
Ru
Sif Muna
Trog
Uskayaw
Vehumet
Wu Jian
Xom
Yredelemnul
Zin
The Shining One
Jiyva
Lugonu

Shops:
D:6 :   D:7 =   Orc:1 *   Orc:2 [:*!   Vaults:2 !   Depths:4 =

Portals:
Hell: Depths:1 Depths:2 Depths:3 Depths:4
Abyss: Zot:2 Depths:3
Pandemonium: Orc:2 Depths:2
Ziggurat: Depths:1

Annotations:
Shoals:2 Aral's ghost, adept MiBe
Depths:2 exclusion: obsidian statue


Innate Abilities, Weirdness & Mutations

You are very small and have problems with some larger weapons.
You are too small for most types of armour.
You have supernaturally acute eyesight. (SInv)
You cover ground extremely quickly. (Speed+++)
You have a pair of antennae on your head.
You have very sharp teeth.
You have large cloven feet.
You are partially covered in iridescent scales. (AC +2)
Your flesh is cold resistant. (rC+)
Armour fits poorly on your strangely shaped body.
Your body sometimes deteriorates upon taking damage.
You are frail. (-10% HP)
Your magical capacity is low. (-10% MP)


Message History

You kick the Executioner, but do no damage.
You bite the Executioner, but do no damage.
The Executioner is almost dead.
You block the Executioner's attack. x2; The Executioner misses you.
You can now pass through a line of other dancers.
Aiming: Line Pass
Press: ? - help, Dir - move target The Executioner appears confused.
The demonspawn warmonger appears confused.
You can no longer pass through a line of other dancers.
The Executioner hits the demonspawn warmonger.
The Executioner hits the demonspawn warmonger but does no damage.
The Executioner hits the demonspawn warmonger.
The Executioner hits the demonspawn warmonger!!
The Executioner hits the demonspawn warmonger but does no damage. x2
The demonspawn warmonger unwields a +4 longbow of flaming.
It stops flaming.
The demonspawn warmonger wields a +0 demon blade of venom.
It begins to drip with poison!
The demonspawn warmonger hits the Executioner with a +0 demon blade of venom!!
The Executioner is killed!
You feel your dexterity returning.
You hit the demonspawn warmonger but do no damage.
You kick the demonspawn warmonger, but do no damage.
You hit the demonspawn warmonger.
The demonspawn warmonger convulses.
You kick the demonspawn warmonger, but do no damage.
The demonspawn warmonger is moderately wounded.
You catch the helpless demonspawn warmonger completely off-guard!
You spit the demonspawn warmonger like a pig!!!
The demonspawn warmonger convulses!!
You kill the demonspawn warmonger!
You can now pass through a line of other dancers.
Unknown command.
Press: ? - help, v - describe, . - travel, g - get item
Items here: )) [ †.
The floor, spattered with blood.
This square is covered in magical glow.
You can no longer pass through a line of other dancers.
There is a staircase leading out of the dungeon here.
You have escaped!

..# #.....####...#####.# ..#
#.....# #...# #...# .###
##..### ##...###.###### ...#
#...#####....#...##.... ...#
#.##...#####.#.####.### ...#
#.##.....###.....##.# ...#
#.##........####.##.# ...#
###.........# #.##.#
...##### ##...@.....# #....#
.#.....# #.....♣...## #.####
..#.##.# #.........### #.#
#...##.#####........##.###.#
#.####......###.....##.....#
#.# ######.#####...##..####
#.# #....#####....# ..#
###### #....# .## ######


There were no monsters in sight!

Vanquished Creatures
  the Royal Jelly (Slime:5)
  4 dread liches
  5 orbs of fire
  Khufu (Crypt:3)
  3 ancient liches
  Mennas (Depths:3)
  A juggernaut (D:15)
  Xtahua (Vaults:3)
  Sojobo (Crypt:1)
  Josephina (Zot:4)
  4 Killer Klowns
  Saint Roka (Elf:2)
  Vashnia (Snake:3)
  4 curse toes
  Margery (Vaults:2)
  21 golden dragons
  5 electric golems
  A Tzitzimitl (Zot:3)
  The ghost of Midpoint the Impaler, an adept GnCK (Vaults:1)
  21 Orb Guardians
  19 tentacled monstrosities
  9 liches
  17 acid blobs
  6 quicksilver dragons
  4 titans (Vaults:5)
  A searing wretch (Crypt:1)
  A kraken (Shoals:4)
  7 sphinxes
  2 deep elf master archers (Elf:3)
  A walking frostbound tome (Depths:4)
  5 ancient champions
  An Executioner (D:1)
  The ghost of dirge the Severer, an adept HOBe of Trog (Elf:1)
  2 deep elf blademasters (Elf:3)
  9 death cobs
  Frances (D:13)
  Gastronok (Lair:1)
  26 storm dragons
  13 tengu reavers
  7 shadow dragons
  9 fire giants
  Agnes (Elf:2)
  Roxanne (Snake:4)
  14 azure jellies
  3 draconian knights
  3 nagarajas (Snake:4)
  4 protean progenitors
  Donald (Lair:3)
  12 rockslimes
  A demonspawn warmonger (D:1)
  3 draconian monks
  12 frost giants
  Ilsuiw (Shoals:4)
  An iron dragon (Vaults:5)
  20 vault wardens
  3 ghost moths
  3 deep elf elementalists
  3 draconian stormcallers
  5 deep elf sorcerers
  5 draconian shifters
  2 draconian scorchers
  9 ghouls
  An angel (Depths:3)
  5 orc warlords
  A curse skull (Crypt:1)
  7 draconian annihilators
  14 very ugly things
  3 cacodemons
  A caustic shrike skeleton (Crypt:3)
  The ghost of Gadfly the Martial Artist, a journeyman DsMo of Ru (Orc:1)
  18 quicksilver oozes
  A spriggan defender (Depths:4)
  3 vampire knights
  8 ironbound preservers
  16 stone giants
  2 grey draconians (Depths:4)
  A juggernaut skeleton (Crypt:2)
  9 deep elf demonologists
  7 ironbound thunderhulks
  10 formless jellyfish
  8 yellow draconians
  8 green draconians
  9 black draconians
  Azrael (Snake:3)
  9 deep elf death magi
  5 war gargoyles
  A lorocyproca (Depths:2)
  4 deep elf annihilators
  A minotaur (Gauntlet)
  10 red draconians
  9 purple draconians
  12 white draconians
  The ghost of spaghetti the Severer, a journeyman FoFi of Gozag (D:11)
  14 ettins
  12 spark wasps
  4 merfolk javelineers
  5 eidola
  9 jiangshi
  6 merfolk impalers
  5 fire dragons
  13 yaktaur captains
  9 great orbs of eyes
  5 deep elf high priests
  A rakshasa (Depths:1)
  2 entropy weavers (shapeshifter)
  37 vault guards
  Fannar (D:10)
  2 salamander tyrants (Snake:4)
  2 peacekeepers
  Erolcha (D:10)
  7 ice dragons
  6 hydras
  A sphinx zombie (Vaults:3)
  2 demonspawn (Orc:2)
  6 spriggan air magi
  5 merfolk avatars
  An ogre mage (D:10)
  2 alligator snapping turtles
  7 ironbound frosthearts
  8 anacondas
  3 boulder beetles
  A two-headed ogre (shapeshifter) (Vaults:5)
  12 naga warriors
  2 satyrs (Zot:1)
  An Orb Guardian skeleton (Crypt:3)
  A radroach (Zot:4)
  12 centaur warriors
  2 death knights (Crypt:1)
  8 merfolk aquamancers
  6 tengu warriors
  7 two-headed ogres
  7 deep troll earth magi
  2 sphinx skeletons (D:15)
  A demonic crawler (D:13)
  6 deep troll shamans
  10 orc high priests
  16 naga sharpshooters
  8 spriggan berserkers (Depths:4)
  A titan zombie (Vaults:4)
  13 vampire magi
  26 dancing weapons
  6 death yaks
  Urug (D:10)
  21 hell knights
  Sonja (D:10)
  3 occultists
  5 soul eaters
  16 deep elf knights
  3 salamander mystics (Snake:4)
  A storm dragon zombie (D:15)
  6 shock serpents
  2 sun demons
  Nergalle (D:8)
  8 skysharks
  A fire crab (shapeshifter) (Vaults:5)
  Amaemon (D:8)
  A sixfirhy (D:10)
  13 skeletal warriors
  5 flayed ghosts
  6 iron trolls
  3 swamp dragons (Depths:4)
  4 arcanists
  31 deep trolls
  15 mana vipers
  10 glowing orange brains
  9 naga ritualists
  13 sea snakes
  An orange crystal statue (Gauntlet)
  6 deep elf archers
  10 lindwurms
  Pikel (D:8)
  4 bog bodies
  A shadow dragon zombie (Crypt:2)
  26 deep elf pyromancers
  7 harpies
  10 phantasmal warriors
  16 ironbound convokers
  A broodmother zombie (Crypt:1)
  An eleionoma zombie (Crypt:3)
  A tengu skeleton (Vaults:4)
  25 deep elf zephyrmancers
  An iron dragon zombie (Crypt:1)
  A glowing shapeshifter (Vaults:3)
  A harpy (shapeshifter) (Vaults:1)
  12 orc knights
  8 manticores
  A faun (shapeshifter) (Vaults:5)
  2 stone giant zombies
  9 necromancers
  A salamander (shapeshifter) (Depths:4)
  7 fauns
  8 shining eyes
  9 orc sorcerers
  Maurice (D:11)
  5 cyclopes
  15 salamanders
  5 oklob plants
  15 ugly things
  7 merfolk sirens
  28 elephants
  A manticore (shapeshifter) (Vaults:5)
  29 moths of wrath
  A black mamba (shapeshifter) (Vaults:1)
  12 vault sentinels
  6 kobold blastminers
  22 black mambas
  A rust devil (Orc:2)
  A water nymph (shapeshifter) (Elf:2)
  A smoke demon (Depths:2)
  11 water nymphs
  9 guardian serpents
  13 cane toads
  15 naga magi
  2 titan simulacra
  3 orange demons
  A hellion (Depths:2)
  A storm dragon simulacrum (Zot:4)
  2 centaur skeletons (Crypt:3)
  2 unseen horrors
  An ice statue (IceCv)
  An unseen horror (shapeshifter) (Vaults:1)
  A minotaur zombie (Crypt:2)
  A yaktaur zombie (Vaults:3)
  4 rime drakes
  5 komodo dragons
  A yellow draconian skeleton (Crypt:2)
  2 freezing wraiths
  37 yaktaurs
  A kobold demonologist (D:14)
  40 merfolk
  A golden dragon simulacrum (Zot:4)
  10 trolls
  A yaktaur skeleton (Vaults:3)
  7 polar bears
  A queen bee (Lair:3)
  A shadow dragon simulacrum (Zot:4)
  An iron troll skeleton (Crypt:1)
  A merfolk (shapeshifter) (Vaults:5)
  8 wind drakes
  21 blink frogs
  5 glass eyes
  A death drake skeleton (Crypt:2)
  A guardian serpent zombie (Crypt:2)
  11 dream sheep
  10 hornets
  A satyr zombie (Crypt:2)
  2 stone giant simulacra
  A glass eye (shapeshifter) (Vaults:5)
  An ice dragon zombie (Crypt:3)
  A jumping spider (Vaults:5)
  159 slime creatures
  A snapping turtle (shapeshifter) (Vaults:1)
  8 snapping turtles
  A jumping spider (shapeshifter) (Vaults:5)
  An air elemental (Elf:1)
  23 water elementals
  7 wraiths
  A spriggan (shapeshifter) (Vaults:1)
  A wyvern (shapeshifter) (D:15)
  10 wyverns
  An elf simulacrum (Vaults:4)
  18 spriggans
  4 fire elementals
  9 humans (D:13)
  A basilisk (shapeshifter) (Vaults:1)
  30 yaks
  19 golden eyes
  Grum (D:11)
  6 basilisks
  6 vampire mosquitoes
  10 wargs
  4 redbacks (Vaults:5)
  A neqoxec (Gauntlet)
  5 steam dragons
  A naga zombie (Crypt:3)
  3 swamp worms (Zot:1)
  A chaos spawn (Gauntlet)
  A swamp worm (shapeshifter) (Elf:3)
  32 nagas
  27 water moccasins
  An acid dragon (D:9)
  3 great orb of eyes simulacra (IceCv)
  4 hell hounds (Snake:3)
  A deep troll skeleton (Crypt:2)
  2 moth of wrath simulacra (Zot:4)
  2 sky beasts (D:6)
  A black bear (shapeshifter) (Vaults:1)
  A blink frog zombie (Crypt:1)
  6 black bears
  37 orc warriors
  A boggart (shapeshifter) (Vaults:1)
  9 laughing skulls (Crypt:1)
  6 boggarts
  30 wolves
  16 centaurs
  11 ogres
  A swamp dragon skeleton (Crypt:1)
  A lindwurm skeleton (Crypt:2)
  2 kobold brigands
  2 slime creature simulacra (IceCv)
  6 necrophages
  15 bullfrogs
  2 gnoll sergeants (D:9)
  An elf skeleton (Crypt:1)
  6 glowing shapeshifter simulacra
  A komodo dragon skeleton (Crypt:2)
  4 scorpions
  An earth elemental (Elf:1)
  9 wights
  A raiju zombie (Crypt:1)
  34 killer bees
  An electric eel (Lair:4)
  7 howler monkeys
  A crimson imp (D:7)
  A bombardier beetle (D:7)
  A hound (D:5)
  4 jellies
  35 orc priests
  Jessica (D:2)
  2 iguanas
  2 sleepcaps
  13 orc wizards
  Natasha (twice) (D:4)
  5 hell rats
  3 shapeshifter simulacra (IceCv)
  A hound skeleton (D:8)
  3 mummies (Crypt:3)
  9 adders
  11 gnolls
  A shadow imp (D:6)
  A white imp (D:7)
  A ribbon worm zombie (Crypt:3)
  2 ufetubi (D:3)
  2 lava snake zombies
  A ribbon worm (D:4)
  2 dart slugs
  70 orcs
  A bat skeleton (Crypt:3)
  8 endoplasms
  9 giant cockroaches
  7 goblins
  7 hobgoblins
  6 jackals
  6 quokkas
  7 ball pythons
  5 bats
  7 frilled lizards
  A goblin zombie (D:7)
  A hobgoblin skeleton (Crypt:1)
  5 hobgoblin zombies (D:7)
  A jackal zombie (Crypt:1)
  35 kobolds
  2 kobold skeletons (D:7)
  An orc skeleton (D:7)
  11 rats
  A rat skeleton (Crypt:3)
  An aspiring flesh (Zot:4)
  2 butterflies (Lair:4)
2492 creatures vanquished.

Vanquished Creatures (collateral kills)
  An ironbound preserver (Vaults:5)
  A water nymph (Zot:5)
2 creatures vanquished.

Vanquished Creatures (others)
  An eldritch tentacle (Shoals:2)
  A vault guard (D:13)
  An anaconda (Snake:4)
  A deep elf zephyrmancer (Elf:2)
  2 harpies
  A black mamba (Snake:3)
  A vault sentinel (Vaults:5)
  A rime drake (Lair:3)
  A slime creature (IceCv)
  A water moccasin (Lair:3)
  An orc warrior (Orc:2)
  A lurking horror (Zot:2)
  4 tentacles (Shoals:4)
17 creatures vanquished.

Grand Total: 2511 creatures vanquished

Notes
Turn   | Place    | Note
-------+----------+-------------------------------------------
     0 | D:5      | monsoonserge the Spriggan Delver began the quest for the
                  | Orb.
     0 | D:5      | Reached XP level 1. HP: 11/11 MP: 2/2
    10 | D:5      | Noticed a hound
    12 | D:5      | Noticed a sleepcap
    16 | D:5      | Killed a hound
    17 | D:5      | Reached skill level 8 in Stealth
    17 | D:5      | Reached XP level 2. HP: 16/16 MP: 3/3
    17 | D:5      | Reached XP level 3. HP: 19/19 MP: 4/4
    63 | D:4      | Identified the +0 trident of Wiadoapt {flame, Int+3}
   130 | D:4      | Noticed Natasha
   201 | D:5      | Noticed a black bear
   203 | D:5      | Killed a black bear
   204 | D:5      | Reached XP level 4. HP: 24/24 MP: 5/5
   204 | D:5      | Reached XP level 5. HP: 28/28 MP: 6/6
   205 | D:5      | Found a shadowy altar of Dithmenos.
   991 | D:2      | Found a faded altar of an unknown god.
  1114 | D:2      | Reached skill level 5 in Short Blades
  1308 | D:2      | Noticed Jessica
  1322 | D:2      | Killed Jessica
  1323 | D:2      | Reached XP level 6. HP: 32/32 MP: 7/7
  1606 | D:3      | Reached skill level 1 in Shapeshifting
  2542 | D:4      | Reached skill level 1 in Evocations
  2548 | D:4      | Reached XP level 7. HP: 22/36 MP: 8/8
  2620 | D:4      | Killed Natasha
  2630 | D:4      | Noticed Natasha
  2636 | D:4      | Killed Natasha
  2748 | D:5      | Found a basalt altar of Yredelemnul.
  3012 | D:5      | Identified the +3 war axe "Faij" {protect, +Blink rCorr}
  3294 | D:6      | Found a staircase to the Ecumenical Temple.
  3300 | Temple   | Entered the Ecumenical Temple
  3313 | Temple   | Became a worshipper of Uskayaw the Reveller
  3344 | D:6      | Reached * piety under Uskayaw
  3447 | D:6      | Reached ** piety under Uskayaw
  3455 | D:6      | Reached *** piety under Uskayaw
  3456 | D:6      | Reached skill level 5 in Dodging
  3498 | D:6      | Reached XP level 8. HP: 41/41 MP: 9/9
  3724 | D:6      | Found Ysei's Book Boutique.
  3729 | D:6      | Reached skill level 1 in Invocations
  4120 | D:7      | Found a glowing golden altar of the Shining One.
  4200 | D:7      | Found Guloc's Jewellery Shoppe.
  4219 | D:7      | Reached skill level 1 in Throwing
  4232 | D:7      | Reached **** piety under Uskayaw
  4893 | D:8      | Reached skill level 10 in Short Blades
  4937 | D:8      | Reached XP level 9. HP: 45/45 MP: 12/12
  4951 | D:8      | Found a white marble altar of Elyvilon.
  4963 | D:8      | Noticed Pikel
  4993 | D:8      | Killed Pikel
  4994 | D:8      | Reached skill level 9 in Stealth
  5259 | D:8      | Noticed an orange demon
  5291 | D:8      | Killed an orange demon
  5367 | D:8      | Noticed Amaemon
  5431 | D:8      | Reached skill level 10 in Stealth
  5516 | D:8      | Killed Amaemon
  5631 | D:8      | Reached skill level 5 in Invocations
  5657 | D:8      | Found a staircase to the Lair.
  5668 | D:8      | Found a burning altar of Makhleb.
  5966 | D:9      | Reached skill level 5 in Fighting
  5966 | D:9      | Reached XP level 10. HP: 51/51 MP: 14/14
  6713 | D:9      | Reached skill level 10 in Dodging
  6922 | D:9      | Found a hazy altar of Hepliaklqana.
  6923 | D:9      | Noticed a two-headed ogre
  6931 | D:9      | Killed a two-headed ogre
  7140 | D:9      | Found a broken altar of Ashenzari.
  7735 | D:10     | Entered Level 10 of the Dungeon
  7735 | D:10     | Found a portal to a secret trove of treasure.
  8053 | D:10     | Noticed Urug
  8073 | D:10     | Killed Urug
  8189 | D:10     | Reached XP level 11. HP: 46/56 MP: 17/17
  8266 | D:10     | Noticed Sonja
  8268 | D:10     | Found a glowing silver altar of Zin.
  8272 | D:10     | Killed Sonja
  8293 | D:10     | Noticed Erolcha
  8297 | D:10     | Killed Erolcha
  8315 | D:10     | Found a stormy altar of Qazlal.
  8356 | D:10     | Noticed Fannar
  8417 | D:10     | Killed Fannar
  8581 | D:10     | Found a staircase to the Orcish Mines.
  8737 | D:11     | Noticed an ogre mage
  8737 | D:11     | Noticed a two-headed ogre
  8737 | D:11     | Noticed a two-headed ogre
  8737 | D:11     | Noticed a two-headed ogre
  8737 | D:11     | Noticed a two-headed ogre
  8737 | D:11     | Noticed a two-headed ogre
  8737 | D:11     | Noticed a two-headed ogre
  8864 | D:9      | Killed a two-headed ogre
  8915 | D:10     | Killed a two-headed ogre
  9003 | D:11     | Found a runed translucent door.
  9004 | D:11     | Noticed spaghetti's ghost (journeyman FoFi)
  9182 | D:11     | Noticed Grum
  9194 | D:11     | Killed Grum
  9195 | D:11     | Reached skill level 11 in Stealth
  9393 | D:11     | Identified a scroll of acquirement
  9395 | D:11     | Acquired a +4 quick blade of holy wrath
  9463 | D:11     | Killed a two-headed ogre
  9475 | D:10     | Killed an ogre mage
  9483 | D:11     | Killed a two-headed ogre
  9485 | D:11     | Killed a two-headed ogre
  9487 | D:11     | Killed a two-headed ogre
  9488 | D:11     | Reached skill level 12 in Stealth
  9563 | D:11     | Noticed Maurice
  9570 | D:11     | Killed Maurice
  9571 | D:11     | Reached XP level 12. HP: 62/62 MP: 18/18
  9830 | Lair:1   | Entered Level 1 of the Lair of Beasts
  9978 | Lair:1   | Found an iron altar of Okawaru.
 10033 | Lair:1   | Found a gate leading to a gauntlet.
 10038 | Lair:1   | You fall into a shaft and drop 1 floor!
 10056 | Lair:1   | Noticed Nergalle
 10062 | Gauntlet | Entered a Gauntlet
 10062 | Gauntlet | Found a transporter.
 10062 | Gauntlet | Found a transporter.
 10086 | Gauntlet | Found a transporter.
 10090 | Gauntlet | Found a transporter.
 10090 | Gauntlet | Found a transporter.
 10091 | Gauntlet | Found a transporter.
 10125 | Gauntlet | Found a transporter.
 10129 | Gauntlet | Found a runed translucent door.
 10130 | Gauntlet | Found a transporter.
 10133 | Gauntlet | Found a runed translucent door.
 10136 | Gauntlet | Found a transporter.
 10152 | Gauntlet | Found a transporter.
 10168 | Gauntlet | Found a transporter.
 10172 | Gauntlet | Found a transporter.
 10247 | Gauntlet | Gained mutation: You sometimes lose your temper in combat.
                  | [a neqoxec]
 10322 | Gauntlet | Identified the +3 short sword of Hatred {elec, rCorr Str+2
                  | Int+2}
 10445 | Gauntlet | Noticed a minotaur
 10459 | Gauntlet | Killed a minotaur
 10478 | Gauntlet | Identified the +9 war axe "Ceimu" {pain, rPois Will- SInv}
 10805 | D:8      | Reached skill level 13 in Stealth
 10912 | D:8      | Killed Nergalle
 10992 | Lair:1   | Reached ***** piety under Uskayaw
 11083 | Lair:1   | Reached skill level 5 in Evocations
 11189 | Lair:1   | Noticed Gastronok
 11202 | Lair:1   | Reached skill level 1 in Armour
 11378 | Lair:1   | Lost mutation: You sometimes lose your temper in combat.
                  | [potion of mutation]
 11378 | Lair:1   | Gained mutation: Your health recovers twice as slowly from
                  | being drained. [potion of mutation]
 11378 | Lair:1   | Gained mutation: Your spells are a little harder to cast,
                  | but a little more powerful. [potion of mutation]
 11378 | Lair:1   | Gained mutation: You are somewhat resistant to further
                  | mutation. [potion of mutation]
 11921 | Lair:1   | Killed Gastronok
 12246 | Lair:2   | Reached skill level 14 in Stealth
 12281 | Lair:2   | Reached XP level 13. HP: 67/67 MP: 20/20
 13047 | Lair:3   | Found a staircase to the Snake Pit.
 13257 | Lair:3   | Found a frozen archway.
 13282 | Lair:3   | Reached skill level 1 in Shields
 13319 | IceCv    | Entered an ice cave
 13881 | IceCv    | Found a viscous altar of Jiyva.
 13881 | IceCv    | Noticed an azure jelly
 13884 | IceCv    | Noticed a quicksilver ooze
 13888 | IceCv    | Killed an azure jelly
 13889 | IceCv    | Reached skill level 15 in Dodging
 13893 | IceCv    | Killed a quicksilver ooze
 13905 | IceCv    | Got Emuorgh's Lessons on Snow
 15130 | Lair:3   | Reached XP level 14. HP: 74/74 MP: 21/21
 15137 | Lair:3   | Found a staircase to the Shoals.
 15933 | Lair:4   | Got the Elucidation of Searing Execration
 15965 | Lair:4   | Found a staircase to the Slime Pits.
 16004 | Lair:4   | Reached skill level 5 in Shields
 16431 | Lair:5   | Entered Level 5 of the Lair of Beasts
 16482 | Lair:5   | Identified the +4 sling of the Three Deaths {speed,
                  | ^Fragile rN+ Str+3 Dex+5}
 19471 | D:11     | Killed spaghetti's ghost
 19487 | D:11     | Reached XP level 15. HP: 68/79 MP: 22/22
 19493 | D:11     | Got Lom Lobon's Catalogue of the Discharge
 19603 | D:12     | Reached skill level 15 in Stealth
 20331 | D:13     | Noticed Frances
 21154 | D:13     | Reached skill level 5 in Armour
 21400 | D:13     | Found a gate to the Vaults.
 21446 | D:13     | Killed Frances
 21715 | D:14     | Found an iron altar of Okawaru.
 21957 | D:14     | Found a stormy altar of Qazlal.
 21993 | D:14     | Reached skill level 16 in Stealth
 22140 | D:15     | Entered Level 15 of the Dungeon
 22686 | D:15     | Found a staircase to the Depths.
 22891 | D:15     | Reached skill level 17 in Stealth
 23072 | Orc:1    | Entered Level 1 of the Orcish Mines
 23232 | Orc:1    | Reached skill level 10 in Invocations
 24775 | Orc:2    | Entered Level 2 of the Orcish Mines
 25030 | Orc:2    | Reached XP level 16. HP: 85/85 MP: 24/24
 25280 | Orc:1    | Found a shimmering altar of Xom.
 25302 | Orc:1    | Found a runed translucent gate.
 25302 | Orc:1    | Found a runed translucent gate.
 25302 | Orc:1    | Found a runed translucent gate.
 25304 | Orc:1    | Found an opulent altar of Gozag.
 25311 | Orc:1    | Noticed Gadfly's ghost (journeyman DsMo)
 25312 | Orc:1    | Found Atuler's Assorted Antiques.
 25390 | Orc:2    | Found a staircase to the Elven Halls.
 25568 | Orc:2    | Found Enaduxt's Distillery.
 25569 | Orc:2    | Found Hed Jecs's General Store.
 25634 | Orc:2    | Reached ****** piety under Uskayaw
 25675 | Orc:2    | Bought a potion of heal wounds for 75 gold pieces
 25679 | Orc:2    | Bought 3 datura-tipped darts for 35 gold pieces
 26161 | Orc:2    | Reached skill level 10 in Fighting
 26242 | Orc:2    | Found Loedol's Book Boutique.
 26242 | Orc:2    | Found Kahowomp's Antique Armour Shop.
 26435 | Orc:2    | Found a one-way gate leading to the halls of Pandemonium.
 26591 | Orc:1    | Killed Gadfly's ghost
 27400 | Shoals:1 | Entered Level 1 of the Shoals
 27433 | Shoals:1 | Noticed Donald
 29263 | Elf:1    | Entered Level 1 of the Elven Halls
 29506 | Elf:1    | Reached skill level 5 in Throwing
 29711 | Elf:1    | Found a runed translucent door.
 29711 | Elf:1    | Noticed dirge's ghost (adept HOBe)
 31031 | Elf:2    | Reached XP level 17. HP: 90/90 MP: 26/26
 31122 | Elf:2    | Noticed Saint Roka
 31157 | Elf:2    | Killed Saint Roka
 31534 | Elf:2    | Learned a level 3 spell: Mephitic Cloud
 31876 | Elf:2    | Found a runed translucent gate.
 31877 | Elf:2    | Found a runed translucent gate.
 31877 | Elf:2    | Found a runed translucent gate.
 31907 | Elf:3    | Entered Level 3 of the Elven Halls
 32154 | Elf:3    | Reached skill level 1 in Spellcasting
 32433 | Elf:3    | Reached skill level 1 in Alchemy
 32759 | Elf:3    | Reached skill level 1 in Air Magic
 32764 | Elf:3    | Reached skill level 1 in Conjurations
 32988 | Elf:3    | Noticed a Hell Sentinel
 33161 | Elf:3    | Noticed a deep elf blademaster
 33168 | Elf:3    | Killed a deep elf blademaster
 33178 | Elf:3    | Noticed a deep elf blademaster
 33427 | Elf:3    | Reached skill level 18 in Stealth
 33638 | Elf:3    | Identified the +3 chain mail "Sahitung" {rPois rF+}
 33638 | Elf:3    | Noticed a deep elf master archer
 33638 | Elf:3    | Identified the +1 leather armour "Foco" {Dex+5}
 33638 | Elf:3    | Identified the ring of the Fresh God {EV+5 Str+6 Int-2}
 33843 | Elf:3    | Killed a deep elf blademaster
 34034 | Elf:3    | Identified the +7 falchion "Beetlebane" {flame, Fly rPois
                  | Int-3}
 34063 | Elf:3    | Noticed a deep elf master archer
 34103 | Elf:3    | Killed a deep elf master archer
 34106 | Elf:3    | Killed a deep elf master archer
 34265 | Elf:3    | Learned a level 2 spell: Blink
 34279 | Elf:3    | Identified the staff of the Sky {rElec rN+ Int-5 Conj}
 34353 | Elf:3    | Identified the +6 dagger "Pannosuf" {holy, Stlth+}
 34377 | Elf:3    | Identified the +4 quarterstaff "Xuvihup" {freeze, Dex+4}
 34380 | Elf:3    | Identified the +6 mace of Premature Burial {flame, ^Fragile
                  | rC+ rCorr Str+5}
 34569 | Elf:2    | Reached skill level 1 in Translocations
 34973 | Elf:2    | Noticed Agnes
 34983 | Elf:2    | Killed Agnes
 35744 | Elf:1    | Killed dirge's ghost
 36216 | Snake:1  | Entered Level 1 of the Snake Pit
 36345 | Snake:1  | Reached XP level 18. HP: 95/95 MP: 28/28
 36355 | Snake:1  | Learned a level 2 spell: Lesser Beckoning
 36906 | Snake:1  | Reached skill level 5 in Spellcasting
 37851 | Snake:2  | Reached skill level 10 in Shields
 37994 | Snake:3  | Noticed Vashnia
 38175 | Snake:2  | Reached skill level 5 in Translocations
 38529 | Snake:3  | Noticed Azrael
 38550 | Snake:3  | Killed Azrael
 38675 | Snake:3  | Got the Collected Works on the Unstable Gang
 38802 | Snake:3  | Killed Vashnia
 39055 | Snake:4  | Entered Level 4 of the Snake Pit
 39413 | Lair:3   | Killed Donald
 39562 | Shoals:1 | Reached skill level 5 in Alchemy
 39828 | Shoals:1 | You fall into a shaft and drop 1 floor!
 40401 | Shoals:1 | Reached skill level 5 in Air Magic
 41308 | Shoals:2 | Found a runed translucent gate.
 41308 | Shoals:2 | Found a runed translucent gate.
 41315 | Shoals:2 | Found a runed translucent gate.
 41316 | Shoals:2 | Noticed Aral's ghost (adept MiBe)
 42103 | Snake:4  | Noticed Roxanne
 42603 | Snake:4  | Reached XP level 19. HP: 77/100 MP: 11/29
 43588 | Snake:4  | Reached skill level 19 in Stealth
 44107 | Snake:4  | Got a serpentine rune of Zot
 44263 | Snake:4  | Killed Roxanne
 44367 | Snake:4  | Reached skill level 10 in Evocations
 44714 | Vaults:1 | Entered Level 1 of the Vaults
 44942 | Vaults:1 | Found a runed translucent gate.
 44942 | Vaults:1 | Found a runed translucent gate.
 44942 | Vaults:1 | Found a runed translucent gate.
 45010 | Vaults:1 | Acquired the +3 crown of Dyrovepreva {rElec Int+2 SInv}
 45010 | Vaults:1 | Found the +3 crown of Dyrovepreva {rElec Int+2 SInv}
 45200 | Vaults:1 | Found Xon Ept's Book Shoppe.
 46665 | Vaults:2 | You fall into a shaft and drop 2 floors!
 47547 | Vaults:2 | Found Uqionemoch's Distillery.
 47570 | Vaults:2 | Bought a potion of heal wounds for 75 gold pieces
 47570 | Vaults:2 | Bought a potion of heal wounds for 75 gold pieces
 47712 | Vaults:2 | Identified the +1 sling of the Wilderness {elec, rPois
                  | Dex+3}
 48684 | Vaults:2 | Reached skill level 20 in Stealth
 48936 | Vaults:2 | Found a staircase to the Crypt.
 48936 | Vaults:2 | Found a basalt altar of Yredelemnul.
 48937 | Vaults:2 | Found an ancient bone altar of Kikubaaqudgha.
 49333 | Vaults:3 | Reached XP level 20. HP: 106/106 MP: 16/31
 50277 | Vaults:3 | Noticed Xtahua
 50304 | Vaults:3 | Killed Xtahua
 51477 | Depths:1 | Entered Level 1 of the Depths
 52101 | Vaults:3 | Reached skill level 21 in Stealth
 54211 | Vaults:4 | Acquired a manual of Fighting
 55287 | Vaults:1 | Found a runed translucent gate.
 55287 | Vaults:1 | Found a runed translucent gate.
 55292 | Vaults:1 | Found a runed translucent gate.
 55292 | Vaults:1 | Noticed Midpoint's ghost (adept GnCK)
 55381 | Vaults:1 | Gained mutation: You have a pair of small antennae on your
                  | head. [a cacodemon]
 55620 | Vaults:1 | Killed Midpoint's ghost
 55936 | Vaults:1 | Identified the +1 hat "Zuzyu" {rF+ Int-5 Dex+7 Stlth+}
 56488 | Shoals:2 | Lost mutation: You are somewhat resistant to further
                  | mutation. [mutagenic glow]
 56683 | Shoals:2 | Reached XP level 21. HP: 112/112 MP: 32/32
 56977 | Shoals:2 | Identified the +1 cloak "Zuagifad" {-Tele rPois MP+9 Dex+2}
 57239 | Shoals:3 | Identified the +10 rapier "Bets" {flame, rC- MP+9 Str+3
                  | Dex+4}
 57978 | Shoals:4 | Entered Level 4 of the Shoals
 58141 | Shoals:4 | Noticed Ilsuiw
 58889 | Shoals:4 | Got a barnacled rune of Zot
 59292 | Shoals:4 | Killed Ilsuiw
 60428 | Shoals:4 | Got the Writings on the Jaunt
 60542 | Shoals:3 | Learned a level 4 spell: Vhi's Electric Charge
 60651 | Slime:1  | Entered Level 1 of the Pits of Slime
 62047 | Crypt:1  | Entered Level 1 of the Crypt
 62077 | Crypt:1  | Noticed Margery
 64429 | Depths:1 | Found a gateway to Hell.
 64929 | Depths:1 | Noticed a juggernaut
 65014 | D:15     | Killed a juggernaut
 65427 | Depths:1 | Found a one-way gateway to a ziggurat.
 66161 | Depths:1 | Reached XP level 22. HP: 121/121 MP: 35/35
 66172 | Depths:1 | Reached skill level 22 in Stealth
 67877 | Depths:2 | Found a transporter.
 67878 | Depths:2 | Noticed a juggernaut
 68410 | Depths:1 | Reached skill level 15 in Fighting
 68755 | Depths:2 | Found a white marble altar of Elyvilon.
 68988 | Depths:2 | Found a transporter.
 70117 | D:10     | You paid a toll of +2 storm dragon scales to enter a
                  | treasure trove
 70118 | Trove    | Entered a treasure trove
 70135 | Trove    | Identified the orb "Owudes" {light, Int+2}
 70522 | Depths:3 | Noticed Mennas
 70527 | Depths:3 | Killed Mennas
 70536 | Depths:3 | Learned a level 5 spell: Yara's Violent Unravelling
 70636 | Depths:3 | Reached skill level 1 in Hexes
 70682 | Depths:3 | Reached skill level 23 in Stealth
 71591 | Depths:3 | Noticed a golden dragon
 71616 | Depths:3 | Killed a golden dragon
 71716 | Depths:3 | Got the Quarto of the Septic Nimbus
 71804 | Depths:3 | Found a corrupted altar of Lugonu.
 71804 | Depths:3 | Found a one-way gate to the infinite horrors of the Abyss.
 71906 | Depths:4 | Entered Level 4 of the Depths
 72338 | Depths:4 | Found a flickering gateway to a bazaar.
 72363 | Bazaar   | Entered a bazaar
 72363 | Bazaar   | Found Soin's Distillery.
 72363 | Bazaar   | Found Mutetiec's Assorted Antiques.
 72363 | Bazaar   | Found Dismum's General Store.
 72363 | Bazaar   | Found Wyshujat's Weapon Boutique.
 72363 | Bazaar   | Found Alykivosko's Armour Shop.
 72382 | Bazaar   | Bought a potion of curing for 48 gold pieces
 72550 | Depths:4 | Found a bloodstained altar of Trog.
 72824 | Depths:4 | Found Dodeoz's Jewellery Shoppe.
 73255 | Depths:4 | Reached XP level 23. HP: 107/128 MP: 14/36
 73501 | Depths:4 | Found a gate to the Realm of Zot.
 74317 | Depths:2 | Learned a level 4 spell: Cause Fear
 74831 | Vaults:2 | Killed Margery
 75040 | Crypt:1  | Reached skill level 5 in Hexes
 76186 | Crypt:2  | Reached skill level 24 in Stealth
 76647 | Crypt:2  | Noticed Sojobo
 77000 | Crypt:1  | Killed Sojobo
 77730 | Crypt:3  | Entered Level 3 of the Crypt
 77730 | Crypt:3  | Found a basalt altar of Yredelemnul.
 77906 | Crypt:3  | Noticed Khufu
 77914 | Crypt:3  | Killed Khufu
 77915 | Crypt:3  | Reached skill level 15 in Short Blades
 77917 | Crypt:3  | Reached skill level 15 in Shields
 78349 | Crypt:3  | Found a staircase to the Tomb.
 79828 | Vaults:5 | Entered Level 5 of the Vaults
 80215 | Vaults:5 | Reached XP level 24. HP: 135/135 MP: 20/37
 80224 | Vaults:5 | Noticed a dread lich
 80440 | Vaults:5 | Identified the +6 flail of Moderation {heavy, rCorr Dex+3}
 80467 | Vaults:5 | Killed a dread lich
 80598 | Vaults:5 | Got the Lectures on Impurities and Command
 80609 | Vaults:5 | Got a silver rune of Zot
 80991 | Vaults:5 | Noticed an ancient lich
 81019 | Vaults:5 | Killed an ancient lich
 81055 | Vaults:5 | Learned a level 5 spell: Silence
 82372 | Vaults:5 | Identified the +4 chain mail "Luqyzalu" {Int+2}
 82423 | Vaults:5 | Identified the +0 pair of gloves "Plog" {rF+ rCorr Str-5
                  | Dex+3}
 82424 | Vaults:5 | Identified the +0 plate armour of Truth {Regen+}
 82544 | Vaults:5 | Identified the +1 trident of Distant Shores {vamp, Will+
                  | MP-9 Stlth+}
 82987 | Vaults:5 | Reached skill level 25 in Stealth
 82994 | Vaults:5 | Got the Cyclopedia of the Dynamic Jinx
 83203 | Vaults:5 | Noticed a dread lich
 83209 | Vaults:5 | Killed a dread lich
 84087 | Depths:2 | Learned a level 1 spell: Apportation
 84246 | Zot:1    | Entered Level 1 of the Realm of Zot
 84560 | Zot:1    | You fall into a shaft and drop 1 floor!
 85466 | Slime:2  | Reached skill level 10 in Hexes
 85676 | Slime:2  | Gained mutation: You are weak. (Str -2) [a shining eye]
 85716 | Slime:2  | Gained mutation: You occasionally lose the ability to read
                  | scrolls when taking damage. [a shining eye]
 85925 | Slime:2  | Gained mutation: Your magical capacity is low. (-10% MP) [a
                  | shining eye]
 86778 | Slime:4  | Reached XP level 25. HP: 140/140 MP: 34/34
 86792 | Slime:4  | Gained mutation: You occasionally lose the ability to drink
                  | potions when taking damage. [a shining eye]
 86795 | Slime:4  | Gained mutation: You are clumsy. (Dex -2) [a shining eye]
 87064 | Slime:4  | Lost mutation: Your health recovers twice as slowly from
                  | being drained. [potion of mutation]
 87064 | Slime:4  | Lost mutation: You occasionally lose the ability to read
                  | scrolls when taking damage. [potion of mutation]
 87065 | Slime:4  | Lost mutation: You are clumsy. (Dex -2) [potion of
                  | mutation]
 87065 | Slime:4  | Lost mutation: You occasionally lose the ability to drink
                  | potions when taking damage. [potion of mutation]
 87065 | Slime:4  | Gained mutation: You expend magic power (3 MP) to
                  | strengthen your wands. [potion of mutation]
 87065 | Slime:4  | Lost mutation: Your magical capacity is low. (-10% MP)
                  | [potion of mutation]
 87072 | Slime:5  | Entered Level 5 of the Pits of Slime
 87135 | Slime:5  | Reached skill level 26 in Stealth
 87424 | Slime:4  | Gained mutation: You are vulnerable to cold. (rC-) [a
                  | shining eye]
 87428 | Slime:5  | Gained mutation: Your body sometimes deteriorates upon
                  | taking damage. [a shining eye]
 87481 | Slime:4  | Lost mutation: You expend magic power (3 MP) to strengthen
                  | your wands. [potion of mutation]
 87481 | Slime:4  | Lost mutation: Your body sometimes deteriorates upon taking
                  | damage. [potion of mutation]
 87481 | Slime:4  | Lost mutation: You are weak. (Str -2) [potion of mutation]
 87481 | Slime:4  | Lost mutation: You are vulnerable to cold. (rC-) [potion of
                  | mutation]
 87481 | Slime:4  | Gained mutation: You have a pair of antennae on your head.
                  | [potion of mutation]
 87481 | Slime:4  | Gained mutation: You are partially covered in iridescent
                  | scales. (AC +2) [potion of mutation]
 87706 | Slime:5  | Noticed the Royal Jelly
 87707 | Slime:5  | Found a viscous altar of Jiyva.
 88084 | Slime:5  | Reached skill level 10 in Spellcasting
 88152 | Slime:5  | Killed the Royal Jelly
 88187 | Slime:5  | Identified the +4 ring mail of Resonance {Str+3}
 88193 | Slime:5  | Got a slimy rune of Zot
 88252 | Slime:5  | Learned a level 4 spell: Olgreb's Toxic Radiance
 89096 | Slime:5  | Learned a level 4 spell: Ignite Poison
 89101 | Slime:5  | Identified the +7 dagger "Kyecepyn" {speed, rElec rPois
                  | rF+++ Stlth+}
 89125 | Slime:5  | Got the Folio of the Evil Eye
 89302 | Slime:5  | Identified the +2 short sword "Kacoyb" {drain, *Noise rC+
                  | rN+ Int+5}
 89305 | Slime:5  | Identified the +9 shortbow of Vanity {freeze, rElec rC+
                  | Dex+5 Stlth+}
 89322 | Slime:5  | Identified the ring "Isevesiu" {rF+ rN+ MP+9 Str+3}
 89330 | Slime:5  | Identified the +1 helmet of the Frog {Will+ Int+3}
 89352 | Slime:5  | Got Sif Muna's Grimoire of Orientation
 89916 | Slime:3  | Reached skill level 1 in Fire Magic
 91506 | Zot:2    | Found a corrupted altar of Lugonu.
 93094 | Zot:3    | Noticed an orb of fire
 93260 | Zot:3    | Reached skill level 10 in Alchemy
 93266 | Zot:3    | Killed an orb of fire
 94747 | Zot:4    | Identified the ring of Muetzuidghi {Ice Dex+4}
 94747 | Zot:4    | Noticed Josephina
 94769 | Zot:4    | Reached XP level 26. HP: 137/146 MP: 39/39
 94827 | Zot:4    | Found a transporter.
 94983 | Zot:4    | Killed Josephina
 95586 | Zot:4    | Found a transporter.
 95901 | Zot:4    | Noticed a dread lich
 95902 | Zot:4    | Noticed an orb of fire
 96166 | Zot:4    | Gained mutation: You sometimes lose your temper in combat.
                  | [a cacodemon]
 96185 | Zot:4    | Gained mutation: You have large cloven feet. [an orb of
                  | fire]
 96187 | Zot:4    | Killed an orb of fire
 96188 | Zot:4    | Reached skill level 27 in Stealth
 96196 | Zot:4    | Killed a dread lich
 96211 | Zot:4    | Identified the ring "Arauck" {rN+ Will+}
 96219 | Zot:4    | Identified the ring of the Rose {rC+ Will+ Str+6 Int-3
                  | SInv}
 96474 | Zot:5    | Entered Level 5 of the Realm of Zot
 96652 | Zot:5    | Noticed an orb of fire
 96652 | Zot:5    | Noticed an ancient lich
 96652 | Zot:5    | Noticed a dread lich
 96653 | Zot:5    | Killed an ancient lich
 96654 | Zot:5    | Noticed an orb of fire
 96661 | Zot:5    | Killed a dread lich
 96672 | Zot:5    | Noticed a dread lich
 96676 | Zot:5    | Killed an orb of fire
 96685 | Zot:5    | Noticed an orb of fire
 96685 | Zot:5    | Gained mutation: You are frail. (-10% HP) [an orb of fire]
 96689 | Zot:5    | Noticed an ancient lich
 96689 | Zot:5    | Noticed an ancient lich
 97005 | Zot:5    | Lost mutation: Your spells are a little harder to cast, but
                  | a little more powerful. [potion of mutation]
 97005 | Zot:5    | Lost mutation: You sometimes lose your temper in combat.
                  | [potion of mutation]
 97005 | Zot:5    | Gained mutation: You have very sharp teeth. [potion of
                  | mutation]
 97005 | Zot:5    | Gained mutation: Your flesh is cold resistant. (rC+)
                  | [potion of mutation]
 97405 | Zot:5    | Killed an ancient lich
 97684 | Zot:5    | Noticed an orb of fire
 97692 | Zot:5    | Gained mutation: Your body sometimes deteriorates upon
                  | taking damage. [an orb of fire]
 97704 | Zot:5    | Gained mutation: Your magical capacity is low. (-10% MP)
                  | [an orb of fire]
 97705 | Zot:5    | Gained mutation: Armour fits poorly on your strangely
                  | shaped body. [an orb of fire]
 98147 | Zot:5    | Killed an orb of fire
 98989 | Zot:5    | Reached skill level 15 in Invocations
 99012 | Zot:5    | Reached skill level 15 in Evocations
 99084 | Zot:5    | Killed an orb of fire
 99085 | Zot:5    | Reached XP level 27. HP: 117/135 MP: 35/35
 99140 | Zot:5    | Got the Orb of Zot
 99226 | Zot:4    | Noticed Yphem the pandemonium lord
 99382 | Depths:4 | Noticed Ibbam the pandemonium lord
 99432 | Depths:3 | Noticed Kucouwn the pandemonium lord
 99734 | D:$      | Escaped with the Orb!

Illustrated notes

Levels and vault maps discovered:
D:1:      spicycebolla_green_bress_n_ham, layout_basic,
          amcnicky_mini_corridor_feature, minmay_close_crescents
D:2:      minmay_spotlight, layout_rooms,
          shapermc_ecumenical_altar_starsandcircs, uniq_jessica
D:3:      layout_loops_ring, hangedman_decor_diamond_cutter, minivault_25
D:4:      cheibrodos_barr_body, layout_cave_pools, uniq_natasha
D:5:      layout_cave_pools, mainiacjoe_overflow_chevrons,
          kennysheep_little_box, saegor_snake_ambush
D:6:      layout_basic, minmay_temple_entry_hall, serial_shops,
          nicolae_shop_crystal
D:7:      layout_basic, nicolae_tso_besieged_by_evil, serial_shops, shop
D:8:      layout_cave_pools, mainiacjoe_overflow_concentric_impassable,
          makhleb_blood_cavern_becter, lair_entry_dummy, uniq_pikel,
          uniq_amaemon
D:9:      kennysheep_kobold_camp, layout_gridville, lemuel_tele_altar,
          lemuel_crystal_altar, serial_glass, glass_columns_a, glass_columns_a,
          minmay_strange_pillars, due_unseen_surprise, item_on_display_a
D:10:     layout_rooms, zin_academy, mainiacjoe_overflow_surrounded_room,
          orc_0_dummy, enter_trove_0, uniq_sonja, uniq_urug, uniq_erolcha,
          uniq_fannar
D:11:     layout_rooms, ebering_ghost_inner_flame, uniq_grum, uniq_maurice
D:12:     layout_roguey
D:13:     layout_irregular_city, ximxim_vaults_locker_room,
          minmay_variable_closet, drop_trap, uniq_frances
D:14:     layout_roguey, okawaru_trees_1, nicolae_qazlal_style_of_elements
D:15:     gammafunk_depths_entry_grave, layout_basic, minmay_tree_intersection
Temple:   dshaligram_water_room_temple
Lair:1:   wad_woods_stonehenge, layout_regular_city, gauntlet_entry_generic,
          serial_bayou_ford_a, uniq_gastronok, uniq_nergalle
Lair:2:   layout_regular_city, grunt_forest_large_clearing_hut,
          grunt_megastairs_2, serial_bayou_shore_b
Lair:3:   regret_index_harrowing_hell_hive, layout_regular_city,
          elwin_shoals_entry_rooms, minmay_snake_entry_six_corridors,
          portal_ice_cave_entry_animals_and_master,
          nicolae_quartered_pool_little
Lair:4:   layout_hall_layers, slime_entry_1, infiniplex_staircase_pool,
          lemuel_fruit_fields, grunt_megastairs_3, lemuel_fruit_fields
Lair:5:   minmay_lair_end_enchanted_forest, layout_hall_layers, dpeg_oklob_1
Shoals:1: layout_shoals, uniq_donald
Shoals:2: layout_shoals, gammafunk_ghost_tricky_traps
Shoals:3: layout_shoals, st_sunken_huts
Shoals:4: shoals_end_hangedman, layout_shoals, shoals_ilsuiw_ice
Snake:1:  layout_grid_maze
Snake:2:  layout_onion, serial_library_hellmonk_room_c, grunt_megastairs_5,
          serial_bayou_shore_b
Snake:3:  layout_grid_shapes, lemuel_fruit_tree, uniq_vashnia, uniq_azrael
Snake:4:  johnstein_snake_rune_scales, layout_cave_shapes, drop_trap,
          statue_in_the_mist_lemuel, uniq_roxanne
Slime:1:  layout_caves
Slime:2:  layout_caves, nicolae_slime_crime_time
Slime:3:  layout_caves, cheibrodos_slime_lost_civilization_4
Slime:4:  layout_caves
Slime:5:  slime_pit_nicolae_royal_road_to_ruin
Orc:1:    layout_caves, ebering_ghost_gozag, basic_altar, minmay_orc_temple_c
Orc:2:    pf_orc_diabolical, layout_caves
Elf:1:    layout_gridlike, hellmonk_ghost_happy_afterlife,
          hangedman_elf_disciples, kilobyte_mutagenic_chamber
Elf:2:    nicolae_elf_blades_crystal_corner, layout_onion_city, uniq_agnes,
          uniq_saint_roka
Elf:3:    elf_hall_gauntlet_narrow, layout_geoelf_grid, eino_tiny_chamber,
          nicolae_elf_crossing_hall
Vaults:1: ploomutoo_gammafunk_ghost_potion_laboratory, v_misc_3,
          ontoclasm_vaults_bender, v_misc_11, nicolae_vaults_little_squares_1,
          nicolae_vaults_shelves_hall, nicolae_vaults_murder_corner,
          nicolae_vaults_little_squares_3, nicolae_vaults_surprise_closet,
          layout_vaults_omnigrid, serial_shops, shop_statue
Vaults:2: ontoclasm_vaults_ring_square, nicolae_vaults_offset_grid_hallway_2,
          nicolae_vaults_double_plus_1, minmay_crypt_entry_necro_gods,
          nicolae_vaults_closet_pinwheel_6, v_rooms_3, ontoclasm_vaults_eye,
          nicolae_vaults_house_1, nicolae_vaults_tetromino_T_1, v_misc_17,
          nicolae_vaults_network_square, grunt_vaults_diagonal,
          nicolae_vaults_windows_and_doors_thing, layout_vaults_omnibox,
          serial_shops, nicolae_diamond_shop
Vaults:3: v_alt_pattern_4, grunt_vaults_funnel,
          nicolae_vaults_network_periphery, nicolae_vaults_network_s,
          vaults_room_hallway, vaults_room_pools,
          nicolae_vaults_security_offices_2, vaults_room_door_ring,
          nicolae_vaults_closet_pinwheel_2, vaults_dpeg_emergency_exit,
          layout_vaults_chaotic_city, uniq_xtahua
Vaults:4: vaults_room_ringed_pool, nicolae_vaults_heart-shaped_vault,
          vaults_room_door_hall, nicolae_vaults_storage_closets_2, v_misc_1,
          nicolae_vaults_asterisk, nicolae_vaults_little_squares_3,
          hangedman_vaults_locks, nicolae_vaults_little_squares_2,
          nicolae_vaults_stepped_doors, nicolae_vaults_tetromino_Z_2,
          layout_vaults_omnicross
Vaults:5
Crypt:1:  layout_catacombs, grunt_crypt_arrival_webbed, uniq_margery
Crypt:2:  layout_rooms, nicolae_crypt_smalloseum, uniq_sojobo
Crypt:3:  david_glass_crypt, layout_chaotic_city, basic_altar, serial_library,
          serial_library_regret_index_headful,
          serial_library_regret_index_multi, serial_library_hellmonk_room_b,
          serial_library_hellmonk_layered_room,
          serial_library_hellmonk_narrow_alcove,
          serial_library_hellmonk_reading_circle,
          serial_library_hellmonk_big_corner, serial_library_hellmonk_hallway_b,
          serial_library_hellmonk_small_corner,
          serial_library_hellmonk_recessed_alcove,
          serial_library_hellmonk_filled_rooms,
          serial_library_hellmonk_metal_room, uniq_khufu
Depths:1: nicolae_cairo_tiling_large_dashed, layout_twisted_cross,
          enter_ziggurat_e, grunt_metal_band, evilmike_ambush
          [evilmike_ambush_outer_basic, evilmike_ambush_inner_wall_2]
Depths:2: gammafunk_sealed_arena, layout_cave_shapes, grunt_pan_entry_sceptre,
          elyvilon_altar_1, hellmouth_1, patterned_corridor
Depths:3: grunt_house_of_mirrors, layout_honeycomb, minmay_misc_feat_iff,
          abyss_entry_flame_altar, hell_entry, drop_trap,
          infiniplex_staircase_river, uniq_mennas
Depths:4: evilmike_zot_entry_gauntlet, layout_honeycomb,
          grunt_hell_entry_dis_mu, nicolae_kite_square_tiling_tiny,
          serial_shops, bzr_entry_dummy, shop, evilmike_spriggan_trog_shrine
Zot:1:    layout_twisted_circle, uniq_grunn
Zot:2:    layout_twisted_circle, hangedman_zot_diagonal_lockstep,
          amcnicky_altar_lugonu_corruption, regret_index_zotdec_banners
Zot:3:    layout_gridville, grunt_megastairs_1
Zot:4:    gammafunk_dig_for_victory, layout_onion_interference, uniq_josephina
Zot:5:    layout_twisted_circle, st_stairs_8

Skill      XL: |  1  2  3  4  5  6  7  8  9 10 11 12 13 14 15 16 17 18 19 20 21 22 23 24 25 26 |
---------------+-------------------------------------------------------------------------------+-----
Dodging        | 3 4 5 6 8 11 13 14 15 16 17 18 19 21 22 23 24 25 26 | 26.8
Stealth        | 8 10 12 14 17 18 20 21 23 24 25 26 27 | 27.0
Short Blades   | 4 5 6 8 10 12 14 15 | 15.0
Fighting       | 3 4 5 6 7 8 9 10 11 13 14 15 16 17 | 17.9
Shapeshifting  | 1 2 4 |  4.0
Evocations     | 1 2 4 5 7 8 9 11 12 13 15 | 15.1
Invocations    | 3 5 7 8 10 11 12 13 15 | 15.3
Throwing       | 1 2 3 7 8 |  8.2
Armour         | 2 3 4 5 |  5.8
Shields        | 3 7 8 9 10 11 12 13 16 17 18 19 | 19.2
Spellcasting   | 4 6 7 8 9 11 | 11.0
Alchemy        | 3 6 8 9 10 11 | 11.0
Air Magic      | 3 5 6 7 |  7.0
Conjurations   | 2 4 |  4.0
Translocations | 3 5 8 9 |  9.0
Hexes          | 4 7 10 11 12 | 12.0
Fire Magic     | 3 4 |  4.0

Action                     |  1- 3 |  4- 6 |  7- 9 | 10-12 | 13-15 | 16-18 | 19-21 | 22-24 | 25-27 || total
---------------------------+-------+-------+-------+-------+-------+-------+-------+-------+-------++-------
  Melee: Short sword       |     1 |    20 |   179 |    20 |       |       |       |       |       ||   220
         Rapier            |    11 |    88 |       |       |       |       |       |       |       ||    99
         Dagger            |       |   104 |    61 |   248 |       |       |       |       |       ||   413
         Punch             |       |     3 |     1 |     9 |       |       |       |     3 |       ||    16
         Quick blade       |       |       |       |   437 |  2365 |  2586 |  3753 |  3531 |  2313 || 14985
         Kick              |       |       |       |       |       |       |       |       |   463 ||   463
         Bite              |       |       |       |       |       |       |       |       |   179 ||   179
  Throw: Dart              |       |     1 |       |       |     1 |       |       |       |       ||     2
         Boomerang         |       |       |     6 |     3 |     2 |   201 |    38 |    36 |     1 ||   287
   Cast: Mephitic Cloud    |       |       |       |       |       |       |     5 |    16 |     6 ||    27
         Blink             |       |       |       |       |       |       |     3 |     4 |     6 ||    13
         Yara's Violent Un |       |       |       |       |       |       |       |     4 |     2 ||     6
         Cause Fear        |       |       |       |       |       |       |       |     1 |     2 ||     3
         Apportation       |       |       |       |       |       |       |       |     1 |     1 ||     2
         Olgreb's Toxic Ra |       |       |       |       |       |       |       |       |    11 ||    11
         Ignite Poison     |       |       |       |       |       |       |       |       |     2 ||     2
 Invoke: Stomp             |       |       |    10 |    50 |   139 |    92 |   222 |   144 |    58 ||   715
         Line Pass         |       |       |     3 |    14 |    11 |    17 |    29 |    62 |    71 ||   207
         Grand Finale      |       |       |       |       |       |     1 |       |     2 |     1 ||     4
  Evoke: Wand              |       |       |       |     1 |       |       |     3 |     1 |     8 ||    13
         Lightning rod     |       |       |       |       |       |     9 |    10 |     1 |     5 ||    25
         Tin of tremorston |       |       |       |       |       |       |       |       |     3 ||     3
         Phantom mirror    |       |       |       |       |       |       |       |       |     1 ||     1
         Sack of spiders   |       |       |       |       |       |       |       |       |     1 ||     1
    Use: Scroll            |       |       |     9 |    15 |     4 |    13 |    13 |     9 |    12 ||    75
         Potion            |       |       |     2 |     5 |     3 |     4 |     4 |     4 |    10 ||    32
   Stab: Sleeping          |     8 |    34 |    17 |    15 |    52 |    57 |    57 |    70 |    43 ||   353
         Distracted        |       |     3 |     1 |     3 |     8 |    13 |    28 |    29 |    23 ||   108
         Paralysed         |       |       |     2 |    12 |    44 |    64 |    54 |    70 |    57 ||   303
         Confused          |       |       |     1 |    14 |     7 |    18 |    35 |    98 |    98 ||   271
 Armour: Robe              |     1 |    28 |    32 |    62 |    10 |   123 |   259 |   256 |   194 ||   965
         Quicksilver drago |       |       |       |    41 |   217 |    48 |       |       |       ||   306
         Skin              |       |       |       |       |     2 |       |       |       |       ||     2
  Dodge: Dodged            |     2 |   119 |   152 |   546 |   855 |   768 |  1420 |  1474 |   991 ||  6327
         Repelled          |       |       |       |     1 |     5 |    30 |    14 |     9 |    32 ||    91
  Block: Buckler           |       |       |       |       |   654 |   650 |  1104 |   973 |   710 ||  4091
         Reflection        |       |       |       |       |    36 |    94 |    70 |     8 |    12 ||   220
         Other             |       |       |       |       |       |       |       |    10 |       ||    10
   Form: Beast             |       |     1 |       |       |       |       |       |       |       ||     1
                           |       |       |       |     1 |       |       |       |       |       ||     1
